AoeStats
← 扫清六合 席卷八荒

Arabian Desert

510226101Analyzed
1v1 RM · 3d ago on Sep 30, 2026· 24m 21s· 2 players
Game mode
Random Map
Map size
Tiny (2 player)
Population
200
Speed
Normal
Resources
Standard
Victory
Conquest
Starting age
Dark Age
Ending age
Imperial Age
RankedLock teamsTeams togetherTeam positionsShared explorationLock speedFull tech treeHidden civsTurbo modeCheats
Victory
Defeat
🇨🇱 Romans · Chile
1288
+16
1294
-16
MatiasElGalan
5:07 Loom
9:36 Feudal Age
9:53 Man-at-Arms
18:18 Castle Age
16:11 Double-Bit Axe
17:04 Scale Mail Armor
17:21 Horse Collar
18:00 Forging
18:51 Long Swordsman
19:32 Squires
21:32 Chain Mail Armor
扫清六合 席卷八荒
9:55 Feudal Age
13:09 Double-Bit Axe
15:38 Horse Collar
19:16 Loom
21:57 Castle Age
20:02 Fletching
20:22 Gold Mining
20:23 Stone Mining
22:35 Crossbowman
23:13 Bodkin Arrow
Connection lost

Rejoining the realm…

Still unreachable

The connection could not be restored.

Session expired

The server has moved on; the page needs a fresh start.